 Dungeon Crawl Stone Soup version 0.31.0-9-g3a7656b989 (webtiles) character file.

Game seed: 14759699693564213971

63 qw the Shooter (level 3, -3/18 HPs)
             Began as a Spriggan Hunter on Feb 2, 2024.
             Slain by Terence
             ... wielding a +0 mace
              (9 damage)
             ... on level 2 of the Dungeon.
             The game lasted 00:00:05 (949 turns).

qw the Shooter (Spriggan Hunter)                     Turns: 949, Time: 00:00:05

Health: -3/18      AC:  2    Str:  7    XL:     3   Next: 89%
Magic:  4/4        EV: 19    Int: 10    God:
Gold:   29         SH:  0    Dex: 20    Spells: 2/2 levels left

rFire   . . .        a - +0 shortbow
rCold   . . .        (shield currently unavailable)
rNeg    . . .        c - +0 robe
rPois   .            (helmet restricted)
rElec   .            (no cloak)
rCorr   .            (gloves unavailable)
SInv    +            (boots unavailable)
Will    .....        (no amulet)
Stlth   ++           (no ring)
HPRegen 0.23/turn    (no ring)
MPRegen 0.09/turn

%: no passive effects
@: very quick
A: very small, no large weapons, unfitting armour, see invisible, speed 3
a: no special abilities


You were on level 2 of the Dungeon.
You visited 1 branch of the dungeon, and saw 2 of its levels.

You collected 29 gold pieces.


Innate Abilities, Weirdness & Mutations

You are very small and have problems with some larger weapons.
You are too small for most types of armour.
You have supernaturally acute eyesight. (SInv)
You cover ground extremely quickly. (Speed+++)


   Skills:
 - Level 1.5 Fighting
 - Level 5.0 Ranged Weapons
 + Level 4.1 Dodging
 - Level 1.5 Stealth


You had 2 spell levels left.
You didn't know any spells.
Your spell library was empty.

Inventory:

Hand Weapons
 a - a +0 shortbow (weapon)
Armour
 c - a +0 robe (worn)
Scrolls
 b - a scroll of teleportation {unknown}
 h - a scroll of immolation {unknown}
 i - a scroll of revelation {unknown}
Potions
 d - 2 potions of curing
 e - a potion of haste {unknown}
 f - a potion of berserk rage {unknown}
 g - 2 potions of invisibility {unknown}

Dungeon Overview and Level Annotations

Branches:
Dungeon (2/15)

Altars:

Shops:
D:2 [

Annotations:
D:2 1 runed translucent door, Crazy Yiuf, Terence


Message History

As you open the door, it creaks loudly!
There is an open door here.
A ball python comes into view.
You shoot an arrow. The arrow hits the ball python!
You kill the ball python!
A rat comes into view.
Found 3 gold pieces.
You shoot an arrow. The arrow hits the rat!
You kill the rat!
You see here a ball python corpse.
You now have 29 gold pieces (gained 3).
Found a spear.
Found a stone staircase leading down.
There is a stone staircase leading down here.
i - a scroll labelled PUBOTS WEQAUT Terence the Incautious comes into view.
He is wielding a +0 mace.
You shoot an arrow. The arrow hits Terence.
Terence shouts!
Terence is lightly wounded.
You shoot an arrow. The arrow closely misses Terence.
Terence hits you with a +0 mace.
You shoot an arrow. The arrow hits Terence.
Terence is moderately wounded.
An adder comes into view.
Terence closely misses you.
You shoot an arrow. The arrow hits Terence.
Terence is moderately wounded.
Terence hits you with a +0 mace!
Ouch! That really hurt!
You shoot an arrow.
The arrow hits Terence but does no damage.
Terence is moderately wounded.
Terence closely misses you.
You shoot an arrow.
The arrow hits Terence but does no damage.
Terence is moderately wounded.
Terence hits you with a +0 mace!
Ouch! That really hurt!
You die...
Terence says, "Time to find some more victims."

#.#####
#.#...##
#......#
......#
..... .S.
#@# #@#
#.# #.#
#.# #.#
###.#
##.#.#
####....#
+.......#


You could see Terence and an adder.

Vanquished Creatures
  A dart slug (D:1)
  3 ribbon worms (D:2)
  5 ball pythons
  3 bats (D:1)
  3 giant cockroaches
  9 goblins
  4 hobgoblins
  7 jackals
  5 kobolds
  A quokka (D:1)
  A frilled lizard (D:2)
  3 rats
45 creatures vanquished.

Notes
Turn   | Place    | Note
-------+----------+-------------------------------------------
     0 | D:1      | qw the Spriggan Hunter began the quest for the Orb.
     0 | D:1      | Reached XP level 1. HP: 10/10 MP: 2/2
     0 | D:1      | 0 ||| qw: Version: 0.3-a-155-g5e7d8dd
     0 | D:1      | 0 ||| qw: Game counter: 1604
     0 | D:1      | 0 ||| qw: Melee chars always use a shield: true
     0 | D:1      | 0 ||| qw: God list: Okawaru
     0 | D:1      | 0 ||| qw: Allow faded altars: false
     0 | D:1      | 0 ||| qw: Do Orc after clearing Dungeon:15 true
     0 | D:1      | 0 ||| qw: Do second Lair branch before Depths: true
     0 | D:1      | 0 ||| qw: Lair rune preference: random
     0 | D:1      | 0 ||| qw: Goals: Normal
     0 | D:1      | 0 ||| PLANNING D:1-11
    27 | D:1      | Reached skill level 3 in Dodging
    65 | D:1      | Reached XP level 2. HP: 13/14 MP: 3/3
   186 | D:1      | Found a faded altar of an unknown god.
   249 | D:1      | Reached XP level 3. HP: 18/18 MP: 4/4
   430 | D:1      | 430 ||| READING scroll labelled FEJEXTAALIC.
   431 | D:1      | 431 ||| DRINKING 3 sapphire potions.
   432 | D:1      | 432 ||| DROPPING scroll of butterflies.
   533 | D:2      | Found a runed translucent door.
   534 | D:2      | Noticed Crazy Yiuf
   626 | D:2      | Found Qijoik's Armour Emporium.
   636 | D:2      | 636 ||| SHOPLISTING +0 cloak (58 gold, have 11).
   636 | D:2      | 636 ||| SHOPLISTING +0 robe "Bofuexam" {+Inv rF+ Str+2
                  | Int+3} (418 gold, have 11).
   636 | D:2      | 636 ||| SHOPLISTING +1 cloak of poison resistance (175
                  | gold, have 11).
   636 | D:2      | 636 ||| SHOPLISTING +2 robe of fire resistance (230 gold,
                  | have 11).
   730 | D:2      | 730 ||| FLEEEEING.
   731 | D:2      | 731 ||| FLEEEEING.
   835 | D:2      | Reached skill level 5 in Ranged Weapons
   943 | D:2      | Noticed Terence
   949 | D:2      | Slain by Terence

Levels and vault maps discovered:
D:1:      minmay_arrival_plants_in_alcoves, layout_rooms,
          shapermc_ecumenical_altar_pompeii
D:2:      minmay_door_path, layout_loops_corners, basic_altar, serial_shops,
          nicolae_shop_tiny_statue_garden, dreamdust_mushroom_princess,
          uniq_terence, uniq_crazy_yiuf_cottage

Skill      XL: |  1  2  3 |
---------------+----------+-----
Dodging        | 3 4 |  4.1
Ranged Weapons | 5 |  5.0
Fighting       | |  1.5
Stealth        | |  1.5

Action                     || total
---------------------------++-------
   Fire: Shortbow          ||   135
    Use: Scroll            ||     1
         Potion            ||     1
 Armour: Robe              ||    11
  Dodge: Dodged            ||    56

Table legend:
 A = Non-vault XP
 B = Vault XP
 C = Vault XP percentage of total XP
 D = Non-vault monster count
 E = Vault monster count
 F = Vault count percentage of total count
                 A         B        C        D         E       F
            +---------+---------+-------+---------+---------+-------
      Total |      84 |       7 |   7.7 |      41 |       4 |   8.9
            +---------+---------+-------+---------+---------+-------
        D:1 |      51 |       0 |   0.0 |      26 |       0 |   0.0
        D:2 |      33 |       7 |  17.5 |      15 |       4 |  21.1
            +---------+---------+-------+---------+---------+-------
